 Dungeon Crawl Stone Soup version 0.29-a0-416-g83a48905f1 (webtiles) character file.

Game seed: 5871559297620093247

25 Hubjo the Firebug (level 2, 0/16 HPs)
             Began as a Deep Elf Fire Elementalist on May 16, 2022.
             Slain by a gnoll
             ... wielding a +0 spear
              (9 damage)
             ... on level 2 of the Dungeon.
             The game lasted 00:00:54 (1369 turns).

Hubjo the Firebug (Deep Elf Fire Elementalist)      Turns: 1369, Time: 00:00:55

Health: 0/16       AC:  2    Str:  5    XL:     2   Next: 86%
Magic:  1/8        EV: 12    Int: 19    God:
Gold:   30         SH:  0    Dex: 15    Spells: 6/7 levels left

rFire   . . .      SeeInvis .   d - +2 dagger (speed)
rCold   . . .      Faith    .   (no shield)
rNeg    . . .      Spirit   .   a - +0 robe
rPois   .          Reflect  .   (no helmet)
rElec   .          Harm     .   (no cloak)
rCorr   .          Rampage  .   (no gloves)
Will    .....                   (no boots)
Stlth   ++........              (no amulet)
HPRegen 0.05/turn               (no ring)
MPRegen 0.11/turn               (no ring)

@: very slightly contaminated
A: no striking features
a: no special abilities


You were on level 2 of the Dungeon.
You visited 1 branch of the dungeon, and saw 2 of its levels.

You collected 30 gold pieces.

Inventory:

Hand Weapons
 d - a +2 dagger of speed (weapon)
Armour
 a - a +0 robe (worn)
Scrolls
 c - a scroll of summoning {unknown}
 e - a scroll of noise {unknown}
 f - a scroll of magic mapping {unknown}
 g - a scroll of vulnerability {unknown}
 h - 2 scrolls of identify {unknown}
Potions
 b - a potion of magic


   Skills:
 * Level 1.1 Fighting
 - Level 2.4 Dodging
 + Level 2.9 Stealth
 + Level 3.4 Spellcasting
 - Level 1.1 Conjurations
 + Level 3.5 Fire Magic


You had 6 spell levels left.
You knew the following spells:

 Your Spells              Type           Power      Damage    Failure   Level
a - Foxfire               Conj/Fire      48%        2x1d6     5%          1

Your spell library contained the following spells:

 Spells                   Type           Power      Damage    Failure   Level
 Scorch                   Fire           32%        2d7       4%          2
 Summon Small Mammal      Summ           12%        N/A       14%         1
 Conjure Flame            Conj/Fire      12%        6-21      17%         3
 Ensorcelled Hibernation  Hex/Ice        6%         N/A       22%         2
 Passwall                 Tmut/Erth      2%         N/A       22%         2
 Inner Flame              Hex/Fire       10%        N/A       22%         3
 Call Canine Familiar     Summ           3%         N/A       41%         3
 Summon Guardian Golem    Hex/Summ       3%         N/A       41%         3
 Swiftness                Air            3%         N/A       41%         3
 Flame Wave               Conj/Fire      12%        2d6       50%         4


Dungeon Overview and Level Annotations

Branches:
Dungeon (2/15)

Altars:


Message History

Done exploring.
There is a stone staircase leading down here.
Okay, then.
You climb downwards.
There is a stone staircase leading up here.
Key pressed, stopping explore. 2 gnolls come into view.
The gnoll shouts!
A gnoll comes into view. It is wielding a +0 spear.
There are monsters nearby!
There are monsters nearby!
You conjure some foxfire!
The gnoll shouts!
You conjure some foxfire!
The foxfire hits the gnoll.
The gnoll is lightly wounded.
You conjure some foxfire!
The foxfire hits the gnoll.
The gnoll is moderately wounded.
You conjure some foxfire!
Your foxfire dissipates!
The foxfire hits the gnoll.
The gnoll is heavily wounded.
You conjure some foxfire!
The foxfire hits the gnoll.
The gnoll is severely wounded.
The gnoll misses you.
You miscast Foxfire.
You are very lightly contaminated with residual magic.
Nothing appears to happen.
The foxfire hits the gnoll.
The gnoll is moderately wounded.
The foxfire hits the gnoll.
The gnoll is severely wounded.
The foxfire hits the gnoll.
The gnoll is almost dead.
The gnoll misses you.
The gnoll hits you from afar with a +0 halberd!
You conjure some foxfire!
The foxfire hits the gnoll.
You kill the gnoll!
The gnoll closely misses you.
The gnoll hits you from afar with a +0 spear!
Ouch! That really hurt!
You die...

# .. #. ...
###.#######....
...............
##+#..<.......
#............#
#...vv....####
#..ยง@######
#....)g.#
#.....g.....
#...........
#...........
#...........
##.#........
#.#......##


You could see 2 gnolls.

Vanquished Creatures
  A gnoll (D:2)
  A dart slug (D:1)
  3 bats (D:1)
  An endoplasm (D:1)
  A giant cockroach (D:1)
  A hobgoblin (D:1)
  3 quokkas (D:1)
  4 ball pythons (D:1)
  5 frilled lizards (D:1)
  A goblin (D:1)
  3 rats (D:1)
24 creatures vanquished.

Vanquished Creatures (others)
  95 foxfires
95 creatures vanquished.

Grand Total: 119 creatures vanquished

Notes
Turn   | Place    | Note
-------+----------+-------------------------------------------
     0 | D:1      | Hubjo the Deep Elf Fire Elementalist began the quest for
                  | the Orb.
     0 | D:1      | Reached XP level 1. HP: 10/10 MP: 6/6
   346 | D:1      | Reached XP level 2. HP: 6/16 MP: 5/8
   741 | D:1      | Reached skill level 1 in Fighting
  1369 | D:2      | Slain by a gnoll

Illustrated notes

Levels and vault maps discovered:
D:1:      ncdulo_lavacross, layout_basic
D:2:      layout_basic, basic_altar

Skill      XL: |  1  2 |
---------------+-------+-----
Fighting       | 1 |  1.1
Dodging        | |  2.4
Stealth        | |  2.9
Spellcasting   | |  3.4
Conjurations   | |  1.1
Fire Magic     | |  3.5

Action                   || total
-------------------------++-------
Melee: Unarmed           ||     1
       Dagger            ||    19
 Cast: Foxfire           ||    61
Armor: Robe              ||     4
Dodge: Dodged            ||    13

Table legend: (Time is in decaauts)
 A = Elapsed time spent in this place.
 B = Non-inter-level travel time spent in this place.
 C = Inter-level travel time spent in this place.
 D = Time resting spent in this place.
 E = Time spent auto-exploring this place.
 F = Levels seen in this place.
 G = Mean time per level.
                   A        B        C        D        E       F      G
               +--------+--------+--------+--------+--------+-----+--------+
         Total |   1361 |   1320 |     41 |      0 |   1159 |   2 |  680.5 |
       Dungeon |   1361 |   1320 |     41 |      0 |   1159 |   2 |  680.5 |
               +--------+--------+--------+--------+--------+-----+--------+

Top non-repeatable levels by time:
     D:1: 1352 daAuts
     D:2: 9 daAuts
